 Seeded DCSS version 0.28-a0-1286-g6bde065e89 (webtiles) character file.

Game seed: 4200142385990743409 (custom seed)

1355 croobank the Sneak (level 8, -6/46 HPs)
             Began as an Octopode Conjurer on Dec 26, 2021.
             Was an Initiate of Vehumet.
             Killed from afar by a white imp (8 damage)
             ... with a puff of frost
             ... summoned by an orc priest
             ... on level 6 of the Dungeon on Dec 27, 2021.
             The game lasted 00:57:13 (7569 turns).

croobank the Sneak (Octopode Conjurer)              Turns: 7569, Time: 00:57:14

Health: -6/46      AC:  4    Str: 14    XL:     8   Next: 63%
Magic:  14/15      EV: 13    Int: 23    God:    Vehumet [......]
Gold:   120        SH:  0    Dex:  7    Spells: 3/16 levels left

rFire   . . .      SeeInvis +   t - staff of conjuration
rCold   . . .      Faith    .   (no shield)
rNeg    . . .      Spirit   .   c - +3 crown of Dyrovepreva {rElec Int+2 SInv}
rPois   .          Reflect  .   (no amulet)
rElec   +          Harm     .   u - ring of Music {rElec Str+6 Dex-3 Stlth+}
rCorr   .          Rampage  .   C - ring of the Burgomaster {rElec Will+}
Will    +....                   (no ring)
Stlth   +++++.....              (no ring)
HPRegen 0.15/turn               (no ring)
MPRegen 0.14/turn               (no ring)
                                (no ring)
                                (no ring)

@: no status effects
A: almost no armour, amphibious, 8 rings, camouflage 1, gelatinous body 1,
(nimble swimmer 1), tentacles
a: Renounce Religion


You were on level 6 of the Dungeon.
You worshipped Vehumet.
Vehumet was noncommittal.
You visited 1 branch of the dungeon, and saw 6 of its levels.

You collected 120 gold pieces.

Inventory:

Hand Weapons
 a - a +0 whip of venom
 f - a +2 rapier
 h - a +0 flail
 p - a +1 dagger of venom
 z - a +0 hand axe
 D - a +2 flail of protection
Missiles
 b - 77 stones
 d - 39 arrows
 j - 43 sling bullets
 x - 13 poisoned darts
Armour
 c - the +3 crown of Dyrovepreva (worn) {rElec Int+2 SInv}
   (You acquired it on level 5 of the Dungeon)

   Int:       It affects your intelligence (+2).
   rElec:     It insulates you from electricity.
   SInv:      It lets you see invisible.
Magical Staves
 i - a staff of air
 t - a staff of conjuration (weapon)
Jewellery
 u - the ring of Music (left tentacle) {rElec Str+6 Dex-3 Stlth+}
   (You acquired it on level 4 of the Dungeon)

   [ring of strength]

   Str:       It affects your strength (+6).
   Dex:       It affects your dexterity (-3).
   rElec:     It insulates you from electricity.
   Stlth:     It makes you more stealthy.
 C - the ring of the Burgomaster (right tentacle) {rElec Will+}
   (You took it off a hobgoblin on level 5 of the Dungeon)

   [ring of willpower]

   rElec:     It insulates you from electricity.
   Will:      It increases your willpower.
Scrolls
 e - a scroll of identify {identify}
 g - 2 scrolls of fog {fog, unknown}
 k - 2 scrolls of enchant armour {enchant armour, unknown}
 m - a scroll of torment {torment, unknown}
 v - a scroll of immolation {immolation, unknown}
 w - a scroll of amnesia {amnesia, unknown}
 y - a scroll of silence
 A - a scroll of teleportation
 E - a scroll of blinking
Potions
 l - 3 potions of curing {curing, unknown}
 n - a potion of ambrosia {ambrosia, unknown}
 o - a potion of resistance {resistance, unknown}
 q - 4 potions of brilliance {brilliance, unknown}
 r - a potion of attraction {attraction, unknown}
 s - a potion of degeneration {degeneration, unknown}
 B - 2 potions of cancellation


   Skills:
 + Level 3.7 Staves
 + Level 5.0 Dodging
 + Level 7.2 Stealth
 + Level 4.7 Spellcasting
 + Level 6.2 Conjurations


You had 3 spell levels left.
You knew the following spells:

 Your Spells              Type           Power      Damage    Failure   Level
a - Magic Dart            Conj           100%       1d8       1%          1
b - Searing Ray           Conj           100%       2d8       1%          2
c - Dazzling Flash        Conj/Hex       58%        N/A       9%          3
d - Frozen Ramparts       Ice            10%        1d3       28%         3
e - Fulminant Prism       Conj/Hex       14%        3d9       26%         4

Your spell library contained the following spells:

 Spells                   Type           Power      Damage    Failure   Level
 Sublimation of Blood     Necr           5%         N/A       14%         2
 Iskenderun's Mystic Bla  Conj/Tloc      29%        2d7       26%         4
 Irradiate                Conj/Tmut      14%        3d18      58%         5
 Ice Form                 Ice/Tmut       5%         N/A       67%         4
 Petrify                  Tmut/Erth      5%         N/A       67%         4
 Summon Ice Beast         Ice/Summ       5%         N/A       67%         4


Dungeon Overview and Level Annotations

Branches:
Dungeon (6/15)
 Temple: D:4-7

Altars:
Vehumet

Annotations:
D:4 Eustachio
D:6 Dowan


Innate Abilities, Weirdness & Mutations

You cannot wear most types of armour.
You are amphibious.
You can wear up to eight rings at the same time.
Your skin changes colour to match your surroundings (Stealth+).
Your rubbery body absorbs attacks. (AC +1, EV +1)
((You are camouflaged when in or above water. (Stealth+)))
You have tentacles for arms and can constrict up to eight enemies at once.


Message History

Casting: Searing Ray (safe; 1% risk of failure)
Confirm with . or Enter, or press ? or * to list all spells.
Aiming: Searing Ray (safe; 1% risk of failure)
Press: ? - help, Shift-Dir - straight line, f - orc warrior
Aim: an orc warrior, wielding a +0 halberd, wearing a +0 plate armour, wearing a ring of protection from fire and quivering boomerangs (wandering, hasn't noticed you, 83% to hit)
You feel a surge of power!
The searing ray hits the orc warrior.
The orc warrior is lightly wounded.
The orc warrior shouts! (Press . to maintain the ray.)
You hear a shout! x3
The searing ray hits the orc warrior.
The orc warrior is moderately wounded.
The orc warrior throws a boomerang.
The boomerang closely misses you.
The searing ray misses the orc warrior.
The orc warrior throws a boomerang.
The boomerang closely misses you.
The searing ray hits the orc warrior.
The orc warrior is moderately wounded.
You finish channelling your searing ray.
The orc warrior hits you from afar with a +0 halberd!
The orc warrior throws a boomerang.
The boomerang barely misses you.
An orc priest comes into view. It is wielding a +0 trident.
The orc warrior throws a boomerang.
The boomerang hits you!
The orc warrior throws a boomerang.
The boomerang hits you!
* * * LOW HITPOINT WARNING * * *
The orc priest shouts!
You see here a +0 scale mail.
The orc priest reads a scroll.
Wisps of shadow swirl around the orc priest.
The orc priest shouts!
The white imp gestures at you. The puff of frost hits you!
* * * LOW HITPOINT WARNING * * *
The white imp gestures at you. The puff of frost hits you!
* * * LOW HITPOINT WARNING * * *
The white imp sputters.
The orc warrior throws a boomerang.
The boomerang barely misses you. The white imp gestures at you.
The puff of frost hits you!
You die...

#.##≈..≈...≈.....# ##...
#.#.≈.≈.....≈..### ≈#..#
##...≈...o≈.≈....##≈##.##
###≈≈≈≈≈≈≈≈.≈5≈≈≈≈≈≈≈≈##o..
#≈≈≈≈≈≈≈≈≈≈≈≈o≈≈≈≈≈≈≈###..#
####≈.≈........≈...### #o..
####....≈.≈..≈#..# #.#'
#######....########.# #.#.
#.......≈.@# .# #.##
#.#####≈≈≈.# # #.#
#.≈..≈≈≈≈#.# .. #'#
###≈≈≈≈≈≈....# #># #..
#≈≈≈########.####.. #..
##### #...##.# #...
###.##.# . #'#. #.##.#
...#. #.##.#### .####


You could see an orc warrior, a white imp (summoned) and an orc (summoned).

Vanquished Creatures
  A hornet zombie (D:6)
  3 black bears
  An ice beast (D:5)
  3 phantoms
  3 scorpions (D:5)
  A jelly (D:6)
  5 hounds
  A bullfrog skeleton (D:5)
  2 centaur skeletons
  Jessica (D:2)
  A scorpion zombie (D:5)
  4 gnolls (D:2)
  3 adders
  A white imp (D:6)
  An adder skeleton (D:4)
  A worm (D:2)
  3 dart slugs
  8 orcs
  12 endoplasms
  4 giant cockroaches
  11 goblins
  7 hobgoblins
  4 jackals (D:2)
  6 kobolds
  3 quokkas
  2 ball pythons
  4 bats (D:1)
  4 frilled lizards
  5 rats
105 creatures vanquished.

Vanquished Creatures (others)
  6 plants (D:5)
6 creatures vanquished.

Grand Total: 111 creatures vanquished

Notes
Turn   | Place    | Note
-------+----------+-------------------------------------------
     0 | D:1      | croobank the Octopode Conjurer began the quest for the Orb.
     0 | D:1      | Reached XP level 1. HP: 11/11 MP: 3/3
   146 | D:1      | Found a faded altar of an unknown god.
   227 | D:1      | Reached skill level 3 in Stealth
   342 | D:1      | Reached XP level 2. HP: 12/17 MP: 5/5
   659 | D:1      | Learned a level 2 spell: Searing Ray
   973 | D:1      | Reached XP level 3. HP: 21/21 MP: 3/6
  1431 | D:2      | Noticed Jessica
  1437 | D:2      | Killed Jessica
  1563 | D:2      | Reached XP level 4. HP: 25/27 MP: 0/7
  1663 | D:1      | Learned a level 3 spell: Dazzling Flash
  1960 | D:2      | Reached skill level 4 in Stealth
  2536 | D:2      | Reached XP level 5. HP: 31/31 MP: 3/9
  3778 | D:4      | Noticed a black bear
  3787 | D:4      | Killed a black bear
  3788 | D:4      | Reached skill level 1 in Staves
  3788 | D:4      | Reached XP level 6. HP: 27/36 MP: 0/10
  3874 | D:4      | Found a radiant altar of Vehumet.
  3878 | D:4      | Became a worshipper of Vehumet
  3949 | D:5      | Entered Level 5 of the Dungeon
  3954 | D:5      | Reached skill level 5 in Stealth
  3954 | D:5      | Reached skill level 5 in Conjurations
  4675 | D:4      | Learned a level 3 spell: Frozen Ramparts
  4686 | D:4      | Identified 2 scrolls of acquirement {acquirement}
  4686 | D:4      | Acquired the ring of Music {rElec Str+6 Dex-3 Stlth+}
  4773 | D:4      | Reached XP level 7. HP: 31/41 MP: 0/12
  4891 | D:4      | Noticed Eustachio
  4979 | D:5      | Acquired the +3 crown of Dyrovepreva {rElec Int+2 SInv}
  4979 | D:5      | Found the +3 crown of Dyrovepreva {rElec Int+2 SInv}
  5113 | D:5      | Learned a level 4 spell: Fulminant Prism
  5344 | D:5      | Reached skill level 6 in Stealth
  6148 | D:6      | Noticed Dowan
  6224 | D:5      | Reached XP level 8. HP: 46/46 MP: 3/14
  6377 | D:5      | Identified the ring of the Burgomaster {rElec Will+}
  6901 | D:6      | Reached skill level 7 in Stealth
  7446 | D:6      | Reached skill level 5 in Dodging
  7567 | D:6      | HP: 2/46 [white imp/puff of frost[an orc priest] (8)]
  7569 | D:6      | Killed from afar by a white imp

Illustrated notes

Levels and vault maps discovered:
D:1:      dpeg_arrival_fog, layout_loops_ring, nicolae_ecumenical_lake_church,
          chequers_mini_garden
D:2:      layout_basic, uniq_jessica
D:3:      layout_basic, chequers_decorated_corner
D:4:      layout_rooms, vehumet_crystals, minmay_misc_feat_pillars,
          uniq_eustachio
D:5:      layout_cave_pods, serial_bayou_pond_c
D:6:      nicolae_cairo_tiling_large, layout_loops_ring, serial_rivers,
          chequers_serial_rivers_small_a, chequers_serial_rivers_small_3,
          chequers_serial_rivers_micro_e, chequers_serial_rivers_room_b,
          kennysheep_generic_room_10, uniq_duvessa, uniq_crazy_yiuf_cottage

Skill      XL: |  1  2  3  4  5  6  7  8 |
---------------+-------------------------+-----
Stealth        | 3 4 5 6 7 |  7.2
Dodging        | 3 4 5 |  5.0
Spellcasting   | 3 4 |  4.7
Staves         | 1 2 3 |  3.7
Conjurations   | 5 6 |  6.2

Action                   |  1- 3 |  4- 6 |  7- 9 || total
-------------------------+-------+-------+-------++-------
Melee: Unarmed           |    13 |       |       ||    13
       Constrict         |     4 |     8 |     5 ||    17
       Tentacles         |     2 |     6 |     4 ||    12
       Rapier            |       |    20 |       ||    20
       Staff             |       |    14 |    34 ||    48
 Cast: Magic Dart        |    44 |    73 |    48 ||   165
       Searing Ray       |     2 |    15 |    26 ||    43
  Use: Scroll            |       |     2 |     7 ||     9
 Stab: Sleeping          |     1 |       |     2 ||     3
Armor: Skin              |     3 |     3 |    12 ||    18
Dodge: Dodged            |    12 |    32 |    34 ||    78

Table legend: (Time is in decaauts)
 A = Elapsed time spent in this place.
 B = Non-inter-level travel time spent in this place.
 C = Inter-level travel time spent in this place.
 D = Time resting spent in this place.
 E = Time spent auto-exploring this place.
 F = Levels seen in this place.
 G = Mean time per level.
                   A        B        C        D        E       F      G
               +--------+--------+--------+--------+--------+-----+--------+
         Total |   7580 |   7513 |     67 |   2598 |   2477 |   6 | 1263.3 |
       Dungeon |   7580 |   7513 |     67 |   2598 |   2477 |   6 | 1263.3 |
               +--------+--------+--------+--------+--------+-----+--------+

Top non-repeatable levels by time:
     D:5: 2123 daAuts
     D:1: 1438 daAuts
     D:2: 1419 daAuts
     D:3: 1152 daAuts
     D:6: 747 daAuts
     D:4: 698 daAuts
